 Dungeon Crawl Stone Soup version 0.17-a0-1311-gbcbd859 (webtiles) character file.

425 nubinia the Sneak (level 6, -7/34 HPs)
             Began as a Deep Elf Fire Elementalist on June 8, 2015.
             Killed by divine providence
             ... invoked by an orc priest
              (14 damage)
             ... on level 5 of the Dungeon.
             The game lasted 00:33:04 (6017 turns).

nubinia the Sneak (Deep Elf Fire Elementalist)      Turns: 6017, Time: 00:33:04

Health: -7/34      AC:  5    Str:  5    XL:     6   Next: 64%
Magic:  15/15      EV:  9    Int: 22    God:
Gold:   202        SH:  0    Dex: 15    Spells: 4 memorised, 4 levels left

rFire  . . .     SeeInvis .     m - +0 dagger (venom)
rCold  . . .     Clarity  .     a - +0 robe
rNeg   . . .     SustAt   .     (no shield)
rPois  .         Gourm    .     l - +0 helmet
rElec  .         Spirit   .     n - +1 cloak
rCorr  .         Warding  .     (no gloves)
rMut   .         Stasis   .     (no boots)
MR     .....                    (no amulet)
Stlth  +++.......               (no ring)
                                (no ring)

@: not resistant to hostile enchantments, fairly stealthy
A: no striking features
a: no special abilities


You were on level 5 of the Dungeon.
You were not hungry.

You visited 1 branch of the dungeon, and saw 5 of its levels.
You also visited: Sewer.

You collected 202 gold pieces.

Inventory:

Hand weapons
 g - a +0 short sword
 m - a +0 dagger of venom (weapon)
 s - a +3 dagger
Armour
 a - a +0 robe (worn)
 l - a +0 helmet (worn)
 n - a +1 cloak (worn)
 v - a +0 buckler
Scrolls
 e - 2 scrolls of teleportation
 f - 2 scrolls of remove curse
 r - a scroll of blinking
 t - a scroll of noise {unknown}
 w - a scroll of enchant weapon {unknown}
Potions
 d - 2 potions of invisibility
 h - a potion of magic
 j - a potion of agility
 k - 2 potions of might
 o - a potion of poison {unknown}
 p - a potion of curing
 q - 2 potions of flight
 u - a potion of haste
Books
 b - a book of Flames

   Spells                             Type                      Level
   a - Flame Tongue                   Conjuration/Fire             1
   b - Throw Flame                    Conjuration/Fire             2
   c - Conjure Flame                  Conjuration/Fire             3
   d - Inner Flame                    Hexes/Fire                   3
   e - Sticky Flame                   Conjuration/Fire             4
   f - Fireball                       Conjuration/Fire             5
Comestibles
 c - 6 bread rations
 i - 3 meat rations


   Skills:
 + Level 1.0 Fighting
 + Level 0.6 Short Blades
 + Level 4.6 Dodging
 + Level 4.9 Stealth
 + Level 4.8 Spellcasting
 + Level 2.6 Conjurations
 + Level 4.4 Fire Magic


You had 4 spell levels left.
You knew the following spells:

 Your Spells              Type           Power        Failure   Level  Hunger
a - Flame Tongue          Conj/Fire      ###..        2%          1    None
b - Throw Flame           Conj/Fire      ###...       4%          2    None
c - Conjure Flame         Conj/Fire      ###.....     10%         3    ##.....
d - Sticky Flame          Conj/Fire      ###.....     28%         4    ####...


Dungeon Overview and Level Annotations

Branches:
Dungeon (5/15)
 Temple: D:4-7

Altars:
Elyvilon
Qazlal
The Shining One

Annotations:
D:3 Grinder, Natasha, Sigmund


Message History

You start resting.
HP restored.
Found a short sword.
Found a stone staircase leading up.
Autopickup is now on.
w - a scroll labeled PAKKER ZIECWASK An orc and 2 orc priests come into view.
The orc priest shouts!
Found 3 fruits.
An orc and an orc warrior come into view.
The orc shouts!
The orc warrior shouts!
The orc shouts!
The orc priest shouts!
The orc priest mumbles some strange prayers to Beogh against you.
Something smites you! The orc hits you with a dagger.
There is a stone staircase leading up here.
The orc hits you with a hand axe!
* * * LOW HITPOINT WARNING * * *
The orc warrior barely misses you. The orc hits you with a dagger.
* * * LOW HITPOINT WARNING * * *
The orc priest calls down the wrath of Beogh upon you.
Something smites you!
You die...

#)# . #.. .. ## #.##.#
#.# ##..#.#
#..####.....#
##...##......###
#.....#.........
#..........#
#...@o.##..#
#...oo..#..##
#...oo..#...#
#.......##..#########
#........##..........#
#.......###..........<
#.%.....# ##.........#
###...### ##.......##
##....###


You could see an orc warrior, 2 orc priests and 2 orcs.

Vanquished Creatures
  A giant frog (D:2)
  A hound (D:4)
  A giant frog skeleton (D:3)
  Natasha (D:3)
  An orc wizard (D:4)
  Robin (D:3)
  10 adders
  5 oozes
  6 worms
  9 giant geckos
  4 orcs
  9 bats
  3 giant cockroaches
  11 hobgoblins
  7 jackals
  12 kobolds
  A ball python (D:2)
  5 giant newts
  15 goblins
  2 quokkas
  13 rats
  A plant (D:2)
119 creatures vanquished.

Vanquished Creatures (others)
  An orc (D:4)
  A quokka (D:4)
2 creatures vanquished.

Grand Total: 121 creatures vanquished

Notes
Turn   | Place    | Note
--------------------------------------------------------------
     0 | D:1      | nubinia the Deep Elf Fire Elementalist began the quest for the Orb.
     0 | D:1      | Reached XP level 1. HP: 10/10 MP: 6/6
   403 | D:1      | Reached XP level 2. HP: 15/15 MP: 5/8
   433 | D:1      | Learned a level 2 spell: Throw Flame
   949 | D:2      | Found a glowing golden altar of the Shining One.
  1005 | D:2      | Found a stormy altar of Qazlal.
  1272 | D:3      | Noticed Sigmund
  1326 | D:3      | Noticed Natasha
  1419 | D:2      | Reached XP level 3. HP: 19/19 MP: 10/10
  1430 | D:2      | Learned a level 3 spell: Conjure Flame
  1847 | D:2      | Reached XP level 4. HP: 21/24 MP: 8/11
  1876 | D:2      | Learned a level 4 spell: Sticky Flame
  2467 | D:3      | Reached skill level 4 in Fire Magic
  2785 | D:3      | Killed Natasha
  2785 | D:3      | Reached XP level 5. HP: 28/28 MP: 13/13
  2843 | D:3      | Noticed Grinder
  3369 | D:3      | Reached skill level 1 in Fighting
  3380 | D:3      | Noticed Robin
  4149 | D:3      | Killed Robin
  4386 | D:4      | Found a glowing drain.
  4393 | Sewer    | Entered a sewer
  4562 | Sewer    | Reached XP level 6. HP: 34/34 MP: 7/14
  5661 | D:3      | Noticed Natasha
  5741 | D:4      | Found a white marble altar of Elyvilon.
  5886 | D:5      | Entered Level 5 of the Dungeon
  6017 | D:5      | Killed from afar by an orc priest

Vault maps used:
D:1:      minmay_arrival_four_circles, minmay_liquid_box,
          corexii_item_surrounded_by_moat
D:2:      nicolae_overflow_crystal_walls, serial_forest,
          infiniplex_forest_end_2, infiniplex_forest_lined_ring,
          infiniplex_forest_zigzag_1, infiniplex_forest_end_1,
          infiniplex_forest_fountain, infiniplex_forest_clump_cross,
          infiniplex_forest_zigzag_1, infiniplex_forest_clump_C,
          infiniplex_forest_zigzag_1, tso_altar
D:3:      kennysheep_goblin_castle, kennysheep_generic_room_6, uniq_sigmund,
          uniq_natasha, uniq_grinder, uniq_robin
D:4:      elyvilon_altar_4, gammafunk_temple_overflow_statue,
          gup_sewer_entry_bowl, first_bread, guppyfry_early_lair_pool
D:5:      lemuel_zombie_altar_kikubaaqudgha, old_standard_altar,
          minmay_misc_feat_diagonals
Sewer:    sewer_fruit_machine

Action                   |  1- 3 |  4- 6 || total
-------------------------+-------+-------++-------
Melee: Short sword       |     3 |       ||     3
       Dagger            |    76 |   113 ||   189
 Cast: Flame Tongue      |    36 |    55 ||    91
       Throw Flame       |     1 |    39 ||    40
       Sticky Flame      |       |     1 ||     1
  Use: Scroll            |     4 |    10 ||    14
       Potion            |       |     5 ||     5
 Stab: Sleeping          |     8 |     9 ||    17
  Eat: Chunk             |     3 |    12 ||    15
       Meat ration       |       |     1 ||     1
